 Dungeon Sprint DCSS version 0.17-a0-1262-gd250d98 (webtiles) character file.

821 Kidiri the Covert (level 7, -15/39 HPs)
             Began as a Spriggan Assassin on June 6, 2015.
             Demolished by a kraken (49 damage)
             ... in the Dungeon (Sprint II: "The Violet Keep of Menkaure").
             The game lasted 00:06:55 (1149 turns).

Kidiri the Covert (Spriggan Assassin)               Turns: 1149, Time: 00:06:55

Health: -15/39     AC:  4    Str:  7    XL:     7   Next: 63%
Magic:  8/8        EV: 33    Int: 12    God:
Gold:   6          SH:  0    Dex: 28    Spells: 0 memorised, 6 levels left

rFire  . . .     SeeInvis +     a - +2 dagger
rCold  . . .     Clarity  .     c - +0 robe
rNeg   . . .     SustAt   .     (shield restricted)
rPois  .         Gourm    .     (helmet restricted)
rElec  .         Spirit   .     d - +0 cloak
rCorr  .         Warding  .     (gloves unavailable)
rMut   .         NoTele   +     (boots unavailable)
MR     +....                    (no amulet)
Stlth  +++++++...               o - +3 ring of dexterity
                                n - +5 ring of dexterity

@: exhausted, very slightly contaminated, hasted and slowed, very quick,
somewhat resistant to hostile enchantments, extremely stealthy
A: unfitting armour, molten scales 1, see invisible, herbivore 3, speed 3, slow
metabolism 2
a: no special abilities


You were in the Dungeon.
You were not hungry.

You visited 1 branch You collected 981 gold pieces.
You spent 975 gold pieces at shops.

Inventory:

Hand weapons
 a - a +2 dagger (weapon)
 b - a +0 blowgun
Armour
 c - a +0 robe (worn)
 d - a +0 cloak (worn)
Jewellery
 n - a +5 ring of dexterity (left hand)
 o - a +3 ring of dexterity (right hand)
Scrolls
 m - a scroll of blinking
Potions
 h - a potion of curing
 k - 2 potions of magic
Comestibles
 g - a bread ration


   Skills:
 + Level 5.0 Fighting
 * Level 9.5 Short Blades
 + Level 6.9 Throwing
 * Level 11.9 Dodging
 * Level 13.7 Stealth


You had 6 spell levels left.
You didn't know any spells.

Dungeon Overview and Level Annotations

Branches:
Dungeon (1/1)

Altars:
Cheibriados
Elyvilon
Fedhas
Kikubaaqudgha
Okawaru
Ru
Vehumet
Xom
Yredelemnul
Jiyva
Lugonu

Shops:
D !%:!=}[*:=?[[!(?

Annotations:
D exclusions: obsidian statue and oklob plant, Roxanne


Innate Abilities, Weirdness & Mutations

You are tiny and cannot use many weapons and most armour.
You have supernaturally acute eyesight.
You are a herbivore.
You cover ground extremely quickly.
You need consume almost no food.
You are partially covered in molten scales (AC +1).


Message History

You are no longer berserk.
You are exhausted.
You feel yourself slow down.
Found three altars.
Found three altars.
You see here a curare-tipped needle.
You hit the kraken but do no damage.
The kraken is lightly wounded.
The kraken bites you.
You hit the kraken but do no damage.
The kraken is lightly wounded.
Tentacles burst out of the water!
You hit the kraken but do no damage.
The kraken is lightly wounded.
The kraken barely misses you. The tentacle misses you. The tentacle slaps you.
You hit the kraken but do no damage.
The kraken is lightly wounded.
The kraken bites you!!!
Ouch! That really hurt!
You die...

≈≈#..#..#....#
#####.#####..##
#.###'###.##..#
...##.##.).#..# # #
.##'.<.'.#.'..### .##.#
##.##.##...#....###...##
#.###'###.##.(.(..≈≈≈≈≈≈
####...####≈≈....w≈#+###
≈≈#..#..#≈≈§§≈≈≈@w{#..._
#≈##.#.##≈≈≈≈≈§wwX(#.._.
#≈≈##'##≈≈≈≈≈≈§§{≈≈#._._
##≈≈≈≈≈≈≈≈≈§§≈≈§§≈≈#_._.
#+++#+++#≈§§§§≈≈≈≈#._._
§§≈§. ##§§§###≈§#_._.
§..≈≈≈§≈≈##§§# ≈≈#._.⌠
§§≈§§8§§§≈.+ §≈#....
#§≈≈≈§≈§§≈##


You could see a kraken and 4 tentacles.

Vanquished Creatures
  A siren (D)
  4 necrophages (D)
  4 worker ants (D)
  A hell rat (D)
  3 worms (D)
13 creatures vanquished.

Vanquished Creatures (others)
  35 tentacles (D)
  534 tentacle segments (D)
569 creatures vanquished.

Grand Total: 582 creatures vanquished

Notes
Turn   | Place    | Note
--------------------------------------------------------------
     0 | D        | Kidiri the Spriggan Assassin began the quest for the Orb.
     0 | D        | Reached XP level 1. HP: 10/10 MP: 2/2
     4 | D        | Reached skill level 6 in Stealth
    10 | D        | Reached XP level 2. HP: 13/15 MP: 3/3
    54 | D        | Noticed a worker ant
    54 | D        | Noticed a worker ant
    56 | D        | Noticed a worker ant
    56 | D        | Noticed a worker ant
    57 | D        | Killed a worker ant
    57 | D        | Reached skill level 7 in Stealth
    57 | D        | Reached XP level 3. HP: 17/19 MP: 4/4
    58 | D        | Killed a worker ant
    58 | D        | Reached skill level 5 in Dodging
    58 | D        | Reached skill level 8 in Stealth
    60 | D        | Killed a worker ant
    60 | D        | Reached skill level 5 in Short Blades
    60 | D        | Reached XP level 4. HP: 20/23 MP: 5/5
    64 | D        | Killed a worker ant
    64 | D        | Reached skill level 9 in Stealth
   114 | D        | Noticed a siren
   117 | D        | Killed a siren
   117 | D        | Reached skill level 10 in Dodging
   117 | D        | Reached skill level 12 in Stealth
   117 | D        | Reached XP level 5. HP: 26/30 MP: 6/6
   117 | D        | Reached XP level 6. HP: 29/34 MP: 7/7
   166 | D        | Noticed a necrophage
   166 | D        | Noticed a necrophage
   166 | D        | Noticed a necrophage
   166 | D        | Noticed a necrophage
   179 | D        | Killed a necrophage
   179 | D        | Reached XP level 7. HP: 38/38 MP: 8/8
   200 | D        | Killed a necrophage
   200 | D        | Reached skill level 13 in Stealth
   216 | D        | Killed a necrophage
   238 | D        | Killed a necrophage
   238 | D        | Reached skill level 5 in Fighting
   470 | D        | Noticed an obsidian statue
   472 | D        | Noticed a kraken
   488 | D        | Noticed a kraken
   507 | D        | Noticed Roxanne
   515 | D        | Found Rittut's Magic Scroll Emporium.
   516 | D        | Found Nidgh's Distillery.
   517 | D        | Found Vara Decy's Antique Armour Emporium.
   518 | D        | Found Arhiotugai's Jewellery Shoppe.
   519 | D        | Noticed a hell rat
   521 | D        | Killed a hell rat
   525 | D        | Found Vyjecs's Book Shoppe.
   525 | D        | Found Keidanei's Antique Armour Emporium.
   526 | D        | Found Goroisut's Antique Armour Shoppe.
   526 | D        | Found Buox's Antique Weapon Shoppe.
   526 | D        | Found Netwo's Gadget Emporium.
   526 | D        | Found Zoutul's Magic Scroll Shoppe.
   526 | D        | Found Gimase's Assorted Antiques.
   527 | D        | Noticed a yak
   530 | D        | Found Pagga's Jewellery Shoppe.
   530 | D        | Found Weal Dapt's Distillery.
   530 | D        | Noticed a yak
   530 | D        | Noticed a yak
   530 | D        | Noticed an oklob plant
   531 | D        | Found Wuamif's Food Shoppe.
   531 | D        | Found Enkeashe's Distillery.
   531 | D        | Found Loeh's Book Shoppe.
   533 | D        | Noticed an iron elemental
   539 | D        | Noticed a death yak
   539 | D        | Noticed a flying skull
   540 | D        | Noticed a flying skull
   577 | D        | Bought a +5 ring of dexterity for 453 gold pieces
   577 | D        | Bought a +3 ring of dexterity for 172 gold pieces
   583 | D        | Bought a potion of beneficial mutation for 350 gold pieces
   583 | D        | Gained mutation: You are partially covered in molten scales (AC +1). [potion of beneficial mutation]
   611 | D        | Found a snail-covered altar of Cheibriados.
  1142 | D        | Found a viscous altar of Jiyva.
  1143 | D        | Found a basalt altar of Yredelemnul.
  1143 | D        | Found an iron altar of Okawaru.
  1143 | D        | Found a shimmering altar of Xom.
  1144 | D        | Found a blossoming altar of Fedhas.
  1144 | D        | Found an ancient bone altar of Kikubaaqudgha.
  1144 | D        | Found a white marble altar of Elyvilon.
  1145 | D        | Found a sacrificial altar of Ru.
  1145 | D        | Found a radiant altar of Vehumet.
  1145 | D        | Found a corrupted altar of Lugonu.
  1149 | D        | Demolished by a kraken

Vault maps used:
D:        the_violet_keep_of_menkaure

Action                   |  1- 3 |  4- 6 |  7- 9 || total
-------------------------+-------+-------+-------++-------
Melee: Dagger            |     6 |    14 |    63 ||    83
 Fire: Blowgun           |       |     3 |    10 ||    13
  Use: Potion            |       |       |     4 ||     4
 Stab: Sleeping          |     6 |     1 |     1 ||     8
       Distracted        |       |       |     1 ||     1
